 Dungeon Crawl Stone Soup version 0.28-a0-1339-ga5422284a4 (webtiles) character file.

Game seed: 11215396406154590598

121 gimp the Skirmisher (level 4, -7/42 HPs)
             Began as a Demigod Wanderer on Dec 28, 2021.
             Splashed by a jelly's acid (10 damage)
             ... on level 2 of the Dungeon.
             The game lasted 00:03:24 (1799 turns).

gimp the Skirmisher (Demigod Wanderer)              Turns: 1799, Time: 00:03:25

Health: -7/42      AC:  0    Str: 14    XL:     4   Next: 49%
Magic:  6/6        EV: 12    Int: 12    God:
Gold:   36         SH:  0    Dex: 18    Spells: 3/3 levels left

rFire   . . .      SeeInvis .   a - +3 short sword
rCold   . . .      Faith    .   (no shield)
rNeg    . . .      Spirit   .   c - +0 leather armour
rPois   .          Reflect  .   (no helmet)
rElec   .          Harm     .   (no cloak)
rCorr   .          Rampage  .   (no gloves)
Will    .....                   (no boots)
Stlth   +.........              (no amulet)
HPRegen 0.14/turn               (no ring)
MPRegen 0.10/turn               (no ring)

@: corroded
A: high mp 1, forlorn, divine attributes
a: no special abilities


You were on level 2 of the Dungeon.
You visited 1 branch of the dungeon, and saw 4 of its levels.

You collected 36 gold pieces.

Inventory:

Hand Weapons
 a - a +3 short sword (weapon)
Armour
 c - a +0 leather armour (worn)
Scrolls
 d - 2 scrolls of identify {unknown}
 e - a scroll of holy word {unknown}
Potions
 b - a potion of curing
 f - a potion of heal wounds {unknown}


   Skills:
 - Level 5.0 Fighting
 - Level 2.6 Short Blades
 - Level 2.6 Armour
 + Level 2.3 Dodging


You had 3 spell levels left.
You didn't know any spells.
Your spell library contained the following spells:

 Spells                   Type           Power      Damage    Failure   Level
 Ensorcelled Hibernation  Hex/Ice        0%         N/A       52%         2
 Static Discharge         Conj/Air       0%         N/A       52%         2
 Tukima's Dance           Hex            0%         N/A       77%         3
 Dispel Undead            Necr           0%         3d6       99%         4
 Sticky Flame             Conj/Fire      0%         2d3       99%         4
 Enfeeble                 Hex            0%         N/A       100%        7


Dungeon Overview and Level Annotations

Branches:
Dungeon (4/15)
 Temple: D:4-7

Shops:
D:1 *(

Annotations:
D:2 Terence


Innate Abilities, Weirdness & Mutations

You have an increased reservoir of magic. (+10% MP)
You shall have no god before yourself.
Your divine heritage dramatically boosts your attributes as you level up.


Message History

You climb upwards.
Level annotation: Terence
There is a stone staircase leading down here.
You see here a +0 halberd.
You hit the jelly.
Your hands burn!
The jelly is moderately wounded.
The jelly closely misses you.
A kobold comes into view. It is wielding a +0 dagger.
You take 1 damage, and have 41/42 hp.
You hit the jelly. The acid corrodes you!
Your hands burn!
The jelly is heavily wounded.
The kobold throws a stone.
The stone hits you. The jelly hits you.
You are splashed with acid!
You take 14 damage, and have 27/42 hp.
MASSIVE DAMAGE!!
You hit the jelly but do no damage.
Your hands burn!
The jelly is heavily wounded.
The jelly hits you.
You are splashed with acid!
* * * LOW HITPOINT WARNING * * *
You take 18 damage, and have 9/42 hp.
MASSIVE DAMAGE!!
You are too injured to fight recklessly!
You are too injured to fight recklessly!
You see here a +0 halberd.
There is a stone staircase leading down here.
You hit the jelly.
Your hands burn!
* * * LOW HITPOINT WARNING * * *
The jelly is heavily wounded.
The jelly closely misses you.
You take 3 damage, and have 6/42 hp.
You barely miss the jelly.
The jelly is heavily wounded.
The jelly barely misses you.
You hit the jelly but do no damage.
Your hands burn!
* * * LOW HITPOINT WARNING * * *
The jelly is heavily wounded.
The jelly hits you.
* * * LOW HITPOINT WARNING * * *
You are splashed with acid!
You die...

#### #.. # #### #.#
. ..# #.# .. #. #.#
#@#
.###.##.###J#####.
#
.....K.>...........
#
.###...............
# .#
##.#.#.#.##....#
#####.# #.#...#.#
.#### #.....#
#.#..##.# # ......#
# #..##.# #.##.##
#..##..


You could see a jelly.

Vanquished Creatures
  A scorpion (D:3)
  2 gnolls
  2 adders (D:3)
  A dart slug (D:3)
  2 endoplasms (D:3)
  A giant cockroach (D:1)
  5 hobgoblins
  A kobold (D:3)
  2 quokkas (D:3)
  4 ball pythons
  4 bats
  2 rats
27 creatures vanquished.

Vanquished Creatures (others)
  4 toadstools (D:1)
4 creatures vanquished.

Grand Total: 31 creatures vanquished

Notes
Turn   | Place    | Note
-------+----------+-------------------------------------------
     0 | D:1      | gimp the Demigod Wanderer began the quest for the Orb.
     0 | D:1      | gimp set off with the following items: a +3 short sword, a
                  | potion of curing, a +0 leather armour
     0 | D:1      | Reached XP level 1. HP: 19/19 MP: 3/3
   233 | D:1      | Found Nen Lyqod's Weapon Emporium.
   289 | D:1      | Found Jehooph's Assorted Antiques.
   431 | D:1      | Reached skill level 4 in Fighting
   678 | D:1      | You fall into a shaft and drop 1 floor!
   703 | D:2      | Noticed Terence
   724 | D:3      | Reached XP level 2. HP: 16/27 MP: 4/4
   879 | D:3      | Noticed a scorpion
   902 | D:3      | Killed a scorpion
   903 | D:3      | Reached skill level 5 in Fighting
   903 | D:3      | Reached skill level 1 in Dodging
   903 | D:3      | Reached XP level 3. HP: 10/36 MP: 5/5
  1015 | D:3      | Reached XP level 4. HP: 22/42 MP: 6/6
  1799 | D:2      | Splashed by a jelly's acid

Illustrated notes

Levels and vault maps discovered:
D:1:      ldierk_water_garden, layout_loops_ring,
          hellmonk_ecumenical_altar_leap_of_faith, serial_shops, shop,
          nicolae_shop_stone, nicolae_shop_crystal, kennysheep_flooded_box,
          minivault_27
D:2:      layout_loops_ring, hex_medium, uniq_terence, uniq_natasha,
          uniq_crazy_yiuf_cottage
D:3:      layout_rooms
D:4:      lemuel_castle_with_subvaults [lemuel_castle_interior_carwin_3],
          layout_basic, serial_glass, glass_columns_a, glass_columns_a,
          glass_columns_a, glass_columns_c, glass_columns_a, glass_columns_b,
          glass_columns_a, glass_columns_a, glass_columns_a, glass_columns_c,
          grunt_ministairs_5, hex_tiny

Skill      XL: |  1  2  3  4 |
---------------+-------------+-----
Fighting       | 4 5 |  5.0
Dodging        | 1 2 |  2.3
Short Blades   | |  2.6
Armour         | |  2.6

Action                   |  1- 3 |  4- 6 || total
-------------------------+-------+-------++-------
Melee: Short sword       |    51 |    41 ||    92
  Use: Potion            |     3 |       ||     3
Armor: Leather armour    |    11 |     9 ||    20
Dodge: Dodged            |    34 |    27 ||    61

Table legend: (Time is in decaauts)
 A = Elapsed time spent in this place.
 B = Non-inter-level travel time spent in this place.
 C = Inter-level travel time spent in this place.
 D = Time resting spent in this place.
 E = Time spent auto-exploring this place.
 F = Levels seen in this place.
 G = Mean time per level.
                   A        B        C        D        E       F      G
               +--------+--------+--------+--------+--------+-----+--------+
         Total |   1782 |   1782 |      0 |    441 |   1005 |   4 |  445.5 |
       Dungeon |   1782 |   1782 |      0 |    441 |   1005 |   4 |  445.5 |
               +--------+--------+--------+--------+--------+-----+--------+

Top non-repeatable levels by time:
     D:3: 739 daAuts
     D:1: 678 daAuts
     D:4: 255 daAuts
     D:2: 109 daAuts
